 Dungeon Crawl Stone Soup version 0.18.1-50-g88ac8fd (webtiles) character file.

12212600 GordonOverkill the Axe Maniac (level 27, 273/273 HPs)
             Began as a Minotaur Berserker on Oct 24, 2016.
             Was the Champion of the Shining One.
             Escaped with the Orb
             ... and 15 runes on Oct 25, 2016!
             The game lasted 07:56:23 (134556 turns).

GordonOverkill the Axe Maniac (MiBe)              Turns: 134556, Time: 07:56:23

Health: 273/273    AC: 50    Str: 32    XL:     27
Magic:  39/40      EV: 24    Int:  6    God:    the Shining One [******]
Gold:   14107      SH: 30    Dex: 17    Spells: 10 memorised, 17 levels left

rFire  + + +     SeeInvis .     p - +9 broad axe (chop)
rCold  + + +     Gourm    .     D - +12 gold dragon armour
rNeg   + + +     Faith    .     O - +2 large shield {AC+3}
rPois  +         Spirit   .     e - -2 hat of the Alchemist {rElec rPois rF+ rC+ rN+ MR+ rMut rCorr}
rElec  +         Dismiss  .     y - +2 cloak {MR+}
rCorr  +         Reflect  .     H - +2 pair of gloves {Str+3}
rMut   +         Harm     .     S - +0 pair of boots of Repulsion {*Drain rPois MR+ Str+3}
SustAt .                        L - amulet of regeneration
MR     +++++                    v - ring of Ykkeph {Fragile rC+ rN+++ Slay+5}
Stlth  ..........               X - ring "Fofifip" {rF+ Slay+4}

@: glowing, almost entirely resistant to hostile enchantments, extremely
unstealthy
A: retaliatory headbutt, horns 2, MP-powered wands
a: Divine Shield, Cleansing Flame, Summon Divine Warrior, Renounce Religion
0: Orb of Zot
}: 15/15 runes: decaying, serpentine, slimy, silver, golden, iron, obsidian,
icy, bone, abyssal, demonic, glowing, magical, fiery, dark


You escaped.
You worshipped the Shining One.
The Shining One was exalted by your worship.
You were not hungry.

You visited 18 branches of the dungeon, and saw 93 of its levels.
You visited Pandemonium 3 times, and saw 34 of its levels.
You visited the Abyss 5 times.
You visited 1 bazaar.
You also visited: Trove, Ice Cave, Volcano and Wizlab.

You collected 19194 gold pieces.
You spent 5087 gold pieces at shops.

Inventory:

Hand Weapons
 a - a +9 broad axe of electrocution
 b - a +9 broad axe of holy wrath
 p - a +9 broad axe of chopping (weapon)
 N - the +10 broad axe "Killer Bee's Regret" {antimagic, rF++ rC+ rN+ Int-3}
   (You found it in a treasure trove)

   It disrupts the flow of magical energy around spellcasters and certain
   magical creatures (including the wielder).
   It affects your intelligence (-3).
   It greatly protects you from fire.
   It protects you from cold.
   It protects you from negative energy.
Armour
 e - the -2 hat of the Alchemist (worn) {rElec rPois rF+ rC+ rN+ MR+ rMut rCorr}
   (You bought it in a shop on level 5 of the Dungeon)

   It protects you from fire.
   It protects you from cold.
   It insulates you from electricity.
   It protects you from poison.
   It protects you from negative energy.
   It affects your resistance to hostile enchantments.
   It protects you from acid and corrosion.
   It protects you from mutation.
 y - a +2 cloak of magic resistance (worn)
 D - a +12 gold dragon armour (worn)
 H - a +2 pair of gloves of strength (worn)
 O - a +2 large shield of protection (worn)
 S - the +0 pair of boots of Repulsion (worn) {*Drain rPois MR+ Str+3}
   (You acquired it on level 2 of the Lair of Beasts)

   It affects your strength (+3).
   It protects you from poison.
   It affects your resistance to hostile enchantments.
   It causes draining when unequipped.
Jewellery
 v - the ring of Ykkeph (right hand) {Fragile rC+ rN+++ Slay+5}
   (You found it on level 1 of the Realm of Zot)

   [ring of protection from cold]

   It affects your accuracy and damage with ranged weapons and melee attacks
   (+5).
   It protects you from cold.
   It renders you almost immune to negative energy.
   It will be destroyed if unequipped.
 L - an amulet of regeneration (around neck)
 X - the ring "Fofifip" (left hand) {rF+ Slay+4}
   (You took it off a vampire mage on level 5 of the Depths)

   [ring of slaying]

   It affects your accuracy and damage with ranged weapons and melee attacks
   (+4).
   It protects you from fire.
Wands
 E - a wand of disintegration (11/24)
 F - a wand of hasting (5/9)
 G - a wand of digging (23/24)
 J - a wand of teleportation (7/9)
Scrolls
 h - 17 scrolls of fog
 i - 5 scrolls of identify
 k - 6 scrolls of summoning
 l - 41 scrolls of remove curse
 m - 7 scrolls of blinking
 o - 8 scrolls of magic mapping
 w - 5 scrolls of silence
 K - 3 scrolls of fear
 M - 32 scrolls of teleportation
 Q - 2 scrolls of recharging
Potions
 d - 7 potions of lignification
 g - 11 potions of berserk rage
 r - 24 potions of curing
 s - 7 potions of heal wounds
 t - 9 potions of agility
 u - 9 potions of resistance
 x - 10 potions of flight
 A - 9 potions of cancellation
 B - 2 potions of haste
 V - 12 potions of cure mutation
Comestibles
 c - 54 bread rations
 n - 21 meat rations


   Skills:
 O Level 27 Fighting
 O Level 27 Axes
 - Level 1.1 Throwing
 O Level 27 Armour
 O Level 27 Dodging
 O Level 27 Shields
 - Level 14.0 Unarmed Combat
 - Level 14.0 Spellcasting
 - Level 21.0 Hexes
 + Level 18.7 Charms
 - Level 13.0 Translocations
 - Level 15.0 Air Magic
 - Level 15.0 Invocations
 - Level 12.0 Evocations


You had 17 spell levels left.
You knew the following spells:

 Your Spells              Type           Power        Failure   Level  Hunger
a - Blink                 Tloc           N/A          1%          2    #......
b - Apportation           Tloc           ###.......   1%          1    None
c - Swiftness             Chrm/Air       ###.....     1%          2    #......
e - Monstrous Menagerie   Summ           #.........   100%        7    #######
f - Silence               Hex/Air        ####......   1%          5    ######.
g - Haste                 Chrm           ####....     4%          6    #######
h - Deflect Missiles      Chrm/Air       ###.......   12%         6    #######
i - Summon Mana Viper     Hex/Summ       ###.....     21%         5    ######.
j - Repel Missiles        Chrm/Air       ###...       1%          2    #......
k - Summon Butterflies    Summ           #.......     58%         1    None


Dungeon Overview and Level Annotations

Branches:
Dungeon (15/15)            Temple (1/1) D:4            Lair (8/8) D:9
  Swamp (4/4) Lair:3        Snake (4/4) Lair:4        Slime (6/6) Lair:7
    Orc (2/2) D:9             Elf (3/3) Orc:2        Vaults (5/5) D:14
  Crypt (3/3) Vaults:2       Tomb (3/3) Crypt:3      Depths (5/5) D:15
   Hell (1/1)                 Dis (7/7) Hell            Geh (7/7) Hell
    Coc (7/7) Hell            Tar (7/7) Hell            Zot (5/5) Depths:5

Altars:
Ashenzari
Cheibriados
Dithmenos
Elyvilon
Fedhas
Gozag
Kikubaaqudgha
Makhleb
Nemelex Xobeh
Okawaru
Pakellas
Qazlal
Ru
Sif Muna
Trog
Vehumet
Xom
Yredelemnul
Zin
The Shining One
Beogh
Jiyva

Shops:
D:5 *[**[   D:7 %   D:8 ?   D:9 [   Orc:2 [?(!*:[(   Elf:3 *   Snake:3 }
Snake:4 [   Vaults:1 ([((*   Vaults:3 ?   Vaults:4 (%(([   Vaults:5 ???
Depths:5 %*

Portals:
Hell: Depths:1 Depths:2 Depths:3 Depths:4 Depths:5
Abyss: Depths:4 Depths:5
Pandemonium: Depths:3 Depths:5
Ziggurat: Depths:1

Annotations:
Zot:5 3 exclusions


Innate Abilities, Weirdness & Mutations

You reflexively headbutt those who attack you in melee.
You have a pair of horns on your head.
You expend magic power (3 MP) to strengthen your wands.


Message History

Evoke which item? (* to show all) (? for menu, Esc to quit)
Zapping:
E - a wand of disintegration (13/24)
Press: ? - help, Shift-Dir - straight line The translucent rock wall explodes into countless fragments.
This wand has 12 charges left.
You slash the goblin!
You kill the goblin!
No target in view!
No target in view!
Evoke which item? (* to show all) (? for menu, Esc to quit)
Zapping:
E - a wand of disintegration (12/24)
Press: ? - help, Shift-Dir - straight line The translucent rock wall explodes into countless fragments.
This wand has 11 charges left.
You chop the goblin into pieces!!!
You kill the goblin!
No target in view!
No target in view!
There is a staircase leading out of the dungeon here.
You have escaped!

......# #####.### ........#
..###.#.##########
.........6.......###########
..###.......6............(.##
.## #..........4............#
.# #...#################...#
.# ##..#≈≈≈≈≈≈≈@≈≈≈≈≈≈≈#...#
.####...#≈≈≈≈≈≈≈.≈≈≈≈≈≈≈#...#
..##....#≈≈≈≈≈≈(..≈≈≈≈≈≈#...#
........#≈≈≈.........≈≈≈#...#
.÷##....#≈≈...........≈≈#...#
÷###....#≈.............≈#...#
.# #....###..8.###.8..###...#
.# #....#.)...........).#...#
## #....#######'''#######...#


You could see an infernal demonspawn, a torturous demonspawn and a red devil.

Vanquished Creatures
  Cerebov (Pan)
  Antaeus (Coc:7)
  Asmodeus (Geh:7)
  the Royal Jelly (Slime:6)
  Ereshkigal (Tar:7)
  Ignacio (Pan)
  A seraph (Pan)
  Gloorx Vloq (Pan)
  Lom Lobon (Pan)
  Mnoleg (Pan)
  Dispater (Dis:7)
  8 orbs of fire
  7 ancient liches
  Mennas (Pan)
  32 greater mummies
  2 shard shrikes (Coc:1)
  Boris (Crypt:1)
  Saint Roka (Crypt:1)
  The ghost of Dioneo the Warrior, a veteran DsAK of Lugonu (Zot:5)
  Frederick (Crypt:1)
  Norris (Depths:2)
  Geryon (Hell)
  2 curse toes
  2 Killer Klowns
  Xtahua (Depths:5)
  3 caustic shrikes
  5 iron giants
  13 golden dragons
  28 pandemonium lords
  A pearl dragon (Pan)
  30 Tzitzimimeh
  A profane servitor (Abyss:1)
  12 bone dragons
  8 doom hounds
  26 Brimstone Fiends
  A hellephant (Dis:7)
  4 electric golems
  Jorgrun (Tomb:1)
  31 Hell Sentinels
  23 Ice Fiends
  16 tentacled monstrosities
  24 Orb Guardians
  6 quicksilver dragons
  13 liches
  30 acid blobs
  5 deep elf blademasters
  6 titans
  4 ancient champions
  32 Executioners
  4 eldritch tentacles
  11 death cobs
  4 thorn hunters
  4 tentacled starspawn
  10 sphinxes
  17 storm dragons
  25 shadow dragons
  9 tengu reavers
  Kirke (D:14)
  9 azure jellies
  7 greater nagas
  5 revenants
  3 draconian monks
  12 fire giants
  21 blood saints (Pan)
  18 daevas (Pan)
  10 iron dragons
  7 draconian scorchers
  4 draconian knights
  Aizul (Snake:3)
  Maud (Orc:2)
  A juggernaut zombie (Crypt:1)
  6 draconian zealots
  56 balrugs
  A ghoul (Crypt:2)
  12 deep elf sorcerers
  12 vault wardens
  Louise (Depths:4)
  22 frost giants
  5 ghost moths
  20 chaos champions (Pan)
  4 draconian shifters
  46 cacodemons
  28 angels (Pan)
  Donald (Vaults:1)
  11 black suns (Pan)
  4 curse skulls
  5 deep elf elementalists
  3 spriggan defenders
  7 draconian annihilators
  2 orc warlords
  6 draconian callers
  13 ironheart preservers
  18 warmongers (Pan)
  28 war gargoyles
  28 apis (Pan)
  2 elemental wellsprings (Coc:7)
  15 ophanim (Pan)
  16 corrupters (Pan)
  49 very ugly things
  85 reapers
  44 stone giants
  6 green draconians
  Nessos (D:13)
  19 salamander stormcallers
  4 deep elf demonologists (Elf:3)
  6 bennus
  7 vampire knights
  4 black draconians
  6 deep elf annihilators
  20 lorocyprocas
  6 red draconians
  5 mottled draconians
  6 white draconians
  4 spark wasps
  15 purple draconians
  A dire elephant (Abyss:5)
  4 yellow draconians
  9 statues (WizLab)
  10 ettins
  9 deep elf death magi
  A spectral quicksilver dragon (Crypt:3)
  The ghost of Schimscham the Nimble, a journeyman GrFi of Elyvilon (Lair:5)
  Snorg (Orc:2)
  45 blizzard demons
  8 jiangshi
  7 eidola (Crypt:3)
  22 mummy priests
  29 green deaths
  A quicksilver dragon zombie (Dis:5)
  34 vault guards
  21 fire dragons
  17 death oozes
  A kraken zombie (Coc:5)
  The ghost of loom the Cleaver, a journeyman MiBe of Trog (IceCv)
  4 deep elf high priests
  18 yaktaur captains
  21 great orbs of eyes
  18 rakshasas
  Erolcha (D:9)
  2 quicksilver dragon skeletons
  28 hydras
  The ghost of Drunkenshrew the Frost Mage, a journeyman DrIE of Ashenzari (IceCv)
  9 entropy weavers
  28 ice dragons
  21 hell beasts (Pan)
  14 naga warriors
  29 monstrous demonspawn
  2 spriggan air magi
  A spectral fire giant (Crypt:3)
  13 centaur warriors
  18 anacondas
  6 death knights
  23 dancing weapons
  Erica (D:8)
  18 ogre magi
  3 spectral frost giants (Crypt:3)
  A catoblepas (Lair:8)
  9 alligators
  A queen ant (shapeshifter) (Depths:3)
  12 death yaks
  8 deep troll shamans
  A spectral stone giant (Crypt:3)
  11 naga sharpshooters
  3 titan zombies
  7 tengu warriors
  11 vampire magi
  4 storm dragon zombies
  5 spriggan berserkers
  117 large abominations
  A shock serpent (shapeshifter) (Vaults:4)
  12 hell knights
  11 thrashing horrors
  9 deep troll earth magi
  7 hell hogs
  A fire crab (shapeshifter) (Vaults:2)
  130 sun demons
  4 titan skeletons
  6 small abominations
  13 deep elf knights
  17 iron golems
  7 shock serpents
  23 shadow wraiths
  11 salamander mystics
  A wretched star (Abyss:5)
  108 soul eaters
  97 skeletal warriors
  4 fire crabs
  A spatial maelstrom (Abyss:3)
  2 storm dragon skeletons
  15 iron trolls
  19 gelid demonspawn (Pan)
  2 ghost moth zombies
  10 death scarabs
  4 spriggan druids
  27 deep trolls
  23 infernal demonspawn
  19 cherubim (Pan)
  9 naga ritualists
  4 wizards
  7 giant orange brains
  25 torturous demonspawn (Pan)
  4 unseen horrors
  12 swamp dragons
  8 anaconda zombies
  A spectral hydra (Crypt:3)
  A quicksilver dragon simulacrum (Hell)
  20 starcursed masses
  43 shadow demons
  4 shadow dragon zombies
  3 golden dragon zombies
  An obsidian statue (Zot:2)
  11 flayed ghosts
  33 putrid demonspawn
  13 ironbrand convokers
  4 shambling mangroves
  8 lindwurms
  17 orc knights
  33 hill giants
  13 deep elf archers
  8 necromancers
  3 spectral iron dragons (Crypt:3)
  2 lindwurms (shapeshifter) (Vaults:5)
  5 golden dragon skeletons
  4 anaconda skeletons
  24 phantasmal warriors
  89 deep elf magi
  A harpy (shapeshifter) (Vaults:3)
  12 harpies
  5 wolf spider zombies
  A spectral fire dragon (Crypt:3)
  22 anubis guards
  A wolf spider (shapeshifter) (Depths:4)
  Pikel (D:5)
  19 mana vipers
  3 fire giant zombies
  8 orc sorcerers
  5 spectral ice dragons (Crypt:3)
  6 shadow dragon skeletons
  6 frost giant zombies
  4 hornets
  35 ugly things
  3 oklob plants
  4 shining eyes
  4 wolf spiders
  4 cyclopes
  4 griffons
  An apis zombie (Crypt:3)
  29 salamanders
  74 sixfirhies
  The ghost of Kwzr the Digger, a novice FoEE of Makhleb (D:8)
  A manticore (D:12)
  A manticore (shapeshifter) (Depths:2)
  3 iron dragon zombies
  21 moths of wrath
  A moth of wrath (shapeshifter) (D:15)
  6 frost giant skeletons
  An iron dragon skeleton (Coc:7)
  28 elephants
  2 stone giant zombies
  41 black mambas
  28 naga magi
  4 ice statues
  3 fire giant skeletons
  3 human skeletons
  4 shock serpent zombies
  4 centaur zombies
  5 stone giant skeletons
  Psyche (D:8)
  2 apocalypse crabs
  9 guardian serpents
  55 orange demons
  2 gargoyles
  2 water nymphs (Abyss:5)
  31 rust devils
  101 smoke demons
  14 vault sentinels
  A shock serpent skeleton (Geh:7)
  A torpor snail (shapeshifter) (Vaults:5)
  A water nymph (shapeshifter) (Vaults:5)
  17 molten gargoyles
  9 eyes of devastation
  A komodo dragon (shapeshifter) (Vaults:3)
  43 hellions
  3 dire elephant skeletons
  38 demonic crawlers
  25 spiny frogs
  61 yaktaurs
  15 efreet
  An emperor scorpion zombie (Hell)
  A rime drake (Lair:8)
  5 spectral swamp worms (Depths:3)
  44 tormentors
  12 komodo dragons
  A catoblepas zombie (Tomb:1)
  9 hydra zombies
  42 ice devils
  A grey draconian zombie (Crypt:3)
  2 kobold demonologists
  2 ancient zymes (Abyss:3)
  38 freezing wraiths
  39 guardian mummies
  40 hellwings
  3 tengu conjurers
  A burning bush (Zot:2)
  An anaconda simulacrum (Hell)
  A catoblepas skeleton (Tar:3)
  A golden dragon simulacrum (Coc:7)
  3 giant leeches
  2 harpy zombies
  3 jumping spiders
  9 trolls
  26 polar bears
  4 silent spectres
  32 two-headed ogres
  A death yak skeleton (Crypt:1)
  83 red devils
  A shadow dragon simulacrum (Crypt:3)
  A two-headed ogre (shapeshifter) (Vaults:2)
  3 harpy skeletons
  7 ice dragon zombies
  12 raiju
  A minotaur skeleton (Crypt:2)
  A polar bear (shapeshifter) (Depths:3)
  5 hydra skeletons
  18 bog bodies
  31 blink frogs
  Grinder (D:4)
  A hornet zombie (D:13)
  20 ushabtiu
  3 fire dragon zombies
  8 ettin zombies
  5 boulder beetles
  3 alligator zombies
  A stone giant simulacrum (Vaults:3)
  2 spriggan skeletons
  113 slime creatures
  3 ettin skeletons
  A fire giant simulacrum (Vaults:2)
  16 redbacks
  2 black mamba zombies
  Sigmund (D:3)
  9 air elementals
  A redback (shapeshifter) (Elf:3)
  81 flying skulls
  3 ice dragon skeletons
  4 wyverns
  115 ynoxinuls
  22 shadows
  2 spriggans (shapeshifter)
  24 wraiths
  6 spriggans
  A dire elephant simulacrum (Hell)
  2 hogs (D:14)
  3 black mamba skeletons
  16 water elementals
  2 basilisks
  A steam dragon (D:8)
  A tarantella (Depths:5)
  Eustachio (D:5)
  77 yaks
  86 neqoxecs
  A spectral elf (Crypt:3)
  A giant leech zombie (Crypt:2)
  6 golden eyes (Slime:1)
  21 humans (D:14)
  50 chaos spawn
  A fire bat (Abyss:1)
  27 fire elementals
  9 hippogriffs
  20 vampire mosquitoes
  A hippogriff (shapeshifter) (Depths:4)
  3 hungry ghosts
  2 merfolk zombies (Hell)
  9 insubstantial wisps
  53 nagas
  A water nymph zombie (Crypt:3)
  The ghost of Schimscham the Shield-Bearer, an amateur GrFi (D:3)
  3 soldier ants
  A spectral spiny frog (Crypt:3)
  3 elf zombies
  A torturous demonspawn zombie (Crypt:2)
  Edmund (D:4)
  23 wargs
  3 hydra simulacra
  22 swamp worms
  An infernal demonspawn zombie (Dis:2)
  10 spatial vortices
  19 water moccasins
  An infernal demonspawn skeleton (Crypt:1)
  A torturous demonspawn skeleton (Crypt:3)
  A giant eyeball (Pan)
  5 spiny frog zombies
  14 porcupines
  A gelid demonspawn skeleton (Crypt:1)
  49 hell hounds
  2 manticore zombies
  46 orc warriors
  4 slaves (D:5)
  14 black bears
  An ettin simulacrum (Hell)
  4 sky beasts
  2 snapping turtle zombies
  An eye of draining (shapeshifter) (D:14)
  16 swamp drakes
  7 swamp dragon zombies
  8 eyes of draining
  19 wasps
  13 ice beasts
  12 boggarts
  4 spiny frog skeletons
  A snapping turtle skeleton (Geh:4)
  18 necrophages
  25 wolves
  2 swamp dragon skeletons
  9 phantoms
  12 centaurs
  90 ogres
  An elephant skeleton (Crypt:1)
  17 crocodiles
  A hog skeleton (Crypt:2)
  A yaktaur zombie (Vaults:1)
  5 big kobolds
  28 giant frogs
  A salamander zombie (Crypt:2)
  A draconian skeleton (Crypt:2)
  A wyvern zombie (D:10)
  A gnoll sergeant (D:10)
  A spiny frog simulacrum (Crypt:2)
  An earth elemental (Elf:3)
  A wyvern skeleton (D:10)
  A yaktaur skeleton (Depths:1)
  A troll zombie (Tomb:3)
  3 scorpions (D:10)
  A hippogriff zombie (Crypt:2)
  A snapping turtle simulacrum (Coc:1)
  26 killer bees
  A raiju skeleton (Crypt:1)
  61 wights
  5 electric eels
  9 howler monkeys
  21 crimson imps
  A giant frog zombie (D:10)
  2 human simulacra
  42 jellies
  A lava snake (Elf:2)
  4 quasits
  An elf simulacrum (Coc:1)
  6 hounds
  13 orc priests
  Crazy Yiuf (D:3)
  6 centaur skeletons
  61 orc wizards
  16 iron imps
  Natasha (twice) (D:4)
  12 iguanas
  A lightning spire (Zot:2)
  16 worker ants
  8 sheep
  A spriggan simulacrum (Coc:1)
  A deep dwarf zombie (Crypt:3)
  A demigod zombie (Crypt:2)
  A dwarf zombie (Crypt:3)
  A sky beast zombie (Crypt:3)
  2 tengu zombies
  A naga skeleton (Crypt:1)
  A dwarf skeleton (Crypt:2)
  A felid skeleton (Crypt:2)
  A tengu skeleton (Tar:1)
  3 hound zombies
  2 hound skeletons
  55 mummies
  5 worker ant zombies
  2 howler monkey zombies
  Robin (D:4)
  2 howler monkey skeletons
  18 adders
  11 gnolls
  50 river rats
  15 shadow imps
  13 white imps
  5 ufetubi
  8 oozes
  2 adder skeletons
  An adder zombie (D:9)
  2 worms
  4 dart slugs
  7 giant geckos
  131 orcs
  A ball python (D:6)
  6 giant cockroaches
  16 goblins
  11 hobgoblins
  13 jackals
  6 quokkas
  10 bats
  3 giant newts
  20 kobolds
  2 orc zombies
  A quokka skeleton (D:5)
  5 rats
  3 bushes
  3 crawling corpses (Elf:3)
  7 fire vortices (Geh:5)
  8 fungi
  8 plants
  3 tentacles (Coc:5)
6419 creatures vanquished.

Vanquished Creatures (collateral kills)
  the Serpent of Hell (Tar:7)
  A reaper (Tar:7)
  Sonja (Lair:2)
  A shadow wraith (Tar:7)
  A skeletal warrior (Tar:7)
  3 flying skulls (Tar:7)
  Grum (D:8)
  2 hell hounds (Tar:7)
  A wolf (D:8)
12 creatures vanquished.

Vanquished Creatures (others)
  An ancient lich (Zot:5)
  2 liches
  2 deep elf master archers (Elf:3)
  A revenant (Tomb:2)
  2 fire giants
  2 war gargoyles (Dis:7)
  A blood saint (Pan)
  A salamander stormcaller (Geh:5)
  An elemental wellspring (Coc:7)
  2 stone giants
  A yaktaur captain (Vaults:5)
  An ogre mage (Depths:2)
  A deep elf knight (Elf:3)
  5 death scarabs (Tomb:2)
  A giant orange brain (Pan)
  A shadow demon (Pan)
  2 wizards (Pan)
  A deep elf mage (Elf:1)
  An anaconda skeleton (Geh:4)
  A moth of wrath (Zot:5)
  2 smoke demons (Pan)
  8 yaktaurs
  A tormentor (Pan)
  A giant leech (Swamp:1)
  A flying skull (Tar:5)
  2 ushabtiu
  A redback (shapeshifter) (Elf:3)
  A wraith (Dis:4)
  A ynoxinul (Pan)
  A chaos spawn (Pan)
  A naga (Snake:4)
  A giant eyeball (Pan)
  2 ogres
  A boggart (Vaults:2)
  An orc wizard (D:14)
  2 mummies (Tomb:2)
  An orc (Orc:2)
  A kobold (D:2)
  An orc zombie (Geh:7)
  3 briar patches (Swamp:2)
  A crawling corpse (Elf:3)
  104 eldritch tentacle segments
  A fire vortex (Geh:5)
  6 fungi
  6 lost souls
  14 plants
  12 starspawn tentacles
  29 starspawn tentacle segments
  A tentacle (Coc:5)
  77 tentacle segments (Coc:5)
314 creatures vanquished.

Grand Total: 6745 creatures vanquished

Notes
Turn   | Place    | Note
--------------------------------------------------------------
     0 | D:1      | GordonOverkill the Minotaur Berserker began the quest for the Orb.
     0 | D:1      | Reached XP level 1. HP: 19/19 MP: 0/0
   294 | D:1      | Reached XP level 2. HP: 26/26 MP: 1/1
   958 | D:2      | Reached XP level 3. HP: 24/31 MP: 2/2
  1039 | D:2      | Reached ** piety under Trog
  1434 | D:2      | Reached skill level 5 in Axes
  1437 | D:2      | Reached XP level 4. HP: 35/39 MP: 3/3
  1892 | D:3      | Reached XP level 5. HP: 35/45 MP: 4/4
  1922 | D:3      | Noticed Schimscham's ghost (amateur GrFi)
  1931 | D:3      | Killed Schimscham's ghost
  1931 | D:3      | Reached skill level 5 in Armour
  2106 | D:3      | HP: 2/45 [orc/flail (6)]
  2110 | D:3      | Reached XP level 6. HP: 5/51 MP: 5/5
  2112 | D:3      | Reached *** piety under Trog
  2645 | D:3      | Noticed Crazy Yiuf
  2649 | D:3      | Killed Crazy Yiuf
  2795 | D:3      | Noticed Sigmund
  2807 | D:3      | Killed Sigmund
  2807 | D:3      | Reached skill level 5 in Fighting
  2807 | D:3      | Reached XP level 7. HP: 61/61 MP: 6/6
  2916 | D:4      | Noticed Grinder
  2923 | D:4      | Killed Grinder
  2986 | D:4      | Noticed Robin
  2997 | D:4      | Noticed Natasha
  2997 | D:4      | Killed Robin
  2997 | D:4      | Reached **** piety under Trog
  3008 | D:4      | Killed Natasha
  3072 | D:4      | Noticed Natasha
  3076 | D:4      | Killed Natasha
  3233 | D:4      | Found a staircase to the Ecumenical Temple.
  3233 | D:4      | Noticed Edmund
  3242 | D:4      | Killed Edmund
  3242 | D:4      | Reached XP level 8. HP: 69/69 MP: 7/7
  3281 | Temple   | Entered the Ecumenical Temple
  3582 | D:5      | Entered Level 5 of the Dungeon
  3656 | D:5      | Noticed Pikel
  3676 | D:5      | Killed Pikel
  3831 | D:5      | Found Wenn's Antique Armour Shoppe.
  3949 | D:5      | Reached skill level 10 in Axes
  4038 | D:5      | Found Doqejok's General Store.
  4076 | D:5      | Found a shattered altar of Ashenzari.
  4482 | D:5      | Noticed Eustachio
  4503 | D:5      | Killed Eustachio
  4503 | D:5      | Reached XP level 9. HP: 79/79 MP: 8/8
  4576 | D:5      | Found Olosaun's General Store.
  4660 | D:5      | Found Meur's Antique Armour Shoppe.
  4742 | D:5      | Found Keamn's General Store.
  4876 | D:6      | Reached ***** piety under Trog
  5077 | D:6      | Found a shattered altar of Ashenzari.
  5771 | D:7      | Found an oddly glowing altar of Pakellas.
  5771 | D:7      | Found a sacrificial altar of Ru.
  5856 | D:7      | Found Erakam's Food Emporium.
  6304 | D:8      | Found Soraitz's Magic Scroll Emporium.
  6450 | D:8      | Reached skill level 10 in Armour
  6529 | D:8      | Noticed Erica
  6529 | D:8      | Noticed Kwzr's ghost (novice FoEE)
  6538 | D:8      | Killed Kwzr's ghost
  6538 | D:8      | Reached XP level 10. HP: 77/86 MP: 9/9
  6542 | D:8      | Killed Erica
  6550 | D:8      | Noticed Grum
  6561 | D:8      | Killed Grum
  7028 | D:8      | Reached skill level 1 in Throwing
  7125 | D:8      | Received a gift from Trog
  7259 | D:8      | Noticed Psyche
  7265 | D:8      | Killed Psyche
  7355 | D:9      | Found a staircase to the Orcish Mines.
  7355 | D:9      | Noticed Erolcha
  7368 | D:9      | Killed Erolcha
  7633 | D:9      | Found a staircase to the Lair.
  7636 | D:9      | Found Zyub's Antique Armour Shoppe.
  8009 | D:10     | Entered Level 10 of the Dungeon
  8029 | D:10     | Noticed a hill giant
  8037 | D:10     | Killed a hill giant
  8037 | D:10     | Reached XP level 11. HP: 93/97 MP: 10/10
  8293 | D:10     | Noticed a hill giant
  8304 | D:10     | Killed a hill giant
  8319 | D:10     | Reached skill level 10 in Fighting
  8790 | D:10     | Received a gift from Trog
  9092 | Lair:1   | Entered Level 1 of the Lair of Beasts
  9161 | Lair:1   | Found a blossoming altar of Fedhas.
  9279 | Lair:1   | Noticed a four-headed hydra
  9286 | Lair:1   | Killed a one-headed hydra
  9286 | Lair:1   | Reached skill level 15 in Axes
  9858 | Lair:1   | Identified a +0 rod of ignition (12/12) (You found it on level 1 of the Lair of Beasts)
  9934 | Lair:1   | You fall through a shaft!
 10233 | Lair:2   | Noticed a five-headed hydra
 10241 | Lair:2   | Killed a three-headed hydra
 10352 | Lair:2   | Found a dark tunnel.
 10361 | Volcano  | Entered a volcano
 10649 | Lair:2   | Identified a scroll of acquirement
 10652 | Lair:2   | Got a pair of faintly glowing boots
 10658 | Lair:2   | Identified the +0 pair of boots of Repulsion {*Drain rPois MR+ Str+3} (You acquired it on level 2 of the Lair of Beasts)
 11060 | Lair:2   | Noticed Sonja
 11080 | Lair:2   | Killed Sonja
 11631 | Lair:3   | Noticed a five-headed hydra
 11644 | Lair:2   | Killed a one-headed hydra
 11644 | Lair:2   | Reached XP level 12. HP: 78/113 MP: 11/11
 12143 | Lair:3   | Received a gift from Trog
 12470 | Lair:3   | Found a staircase to the Swamp.
 13194 | Lair:3   | Found a blossoming altar of Fedhas.
 13535 | Lair:4   | Reached skill level 5 in Dodging
 13960 | Lair:4   | Noticed a seven-headed hydra
 13972 | Lair:4   | Killed a four-headed hydra
 13972 | Lair:4   | Reached XP level 13. HP: 95/124 MP: 12/12
 14492 | Lair:4   | Found a staircase to the Snake Pit.
 14872 | Lair:5   | Noticed Schimscham's ghost (journeyman GrFi)
 14890 | Lair:5   | Killed Schimscham's ghost
 15347 | Lair:5   | Reached ****** piety under Trog
 15359 | Lair:5   | Received a gift from Trog
 16529 | Lair:6   | Received a gift from Trog
 16548 | Lair:6   | Reached skill level 10 in Dodging
 18109 | Lair:7   | Got a pair of spiked boots
 18136 | Lair:7   | Reached XP level 14. HP: 132/132 MP: 13/13
 18686 | Lair:7   | Reached skill level 1 in Evocations
 18893 | Lair:7   | Received a gift from Trog
 19067 | Lair:7   | Found a staircase to the Slime Pits.
 20097 | Lair:8   | Entered Level 8 of the Lair of Beasts
 20187 | Lair:8   | Found a frozen archway.
 20268 | IceCv    | Entered an ice cave
 20268 | IceCv    | Noticed Drunkenshrew's ghost (journeyman DrIE)
 20277 | IceCv    | Killed Drunkenshrew's ghost
 20353 | IceCv    | Noticed loom's ghost (journeyman MiBe)
 20362 | IceCv    | Killed loom's ghost
 20493 | IceCv    | Received a gift from Trog
 20547 | IceCv    | Identified the +0 pair of boots "Maerr" {Int+2} (You acquired it on level 7 of the Lair of Beasts)
 21140 | IceCv    | Noticed a frost giant
 21154 | IceCv    | Killed a frost giant
 21424 | Lair:8   | Reached XP level 15. HP: 138/138 MP: 17/17
 21737 | Lair:8   | Received a gift from Trog
 22738 | Lair:1   | Gained mutation: You are robust (+10% HP). [potion of beneficial mutation]
 23223 | D:5      | Bought the -2 hat of the Alchemist {rElec rPois rF+ rC+ rN+ MR+ rMut rCorr} for 1038 gold pieces
 24305 | D:12     | Received a gift from Trog
 24829 | D:13     | Noticed Nessos
 24843 | D:13     | Killed Nessos
 25303 | D:14     | Received a gift from Trog
 25305 | D:14     | Noticed Kirke
 25316 | D:14     | Reached skill level 15 in Armour
 25318 | D:14     | Killed Kirke
 25488 | D:14     | Found a gate to the Vaults.
 25901 | D:14     | Found a glowing golden altar of the Shining One.
 26273 | D:15     | Entered Level 15 of the Dungeon
 26328 | D:15     | Reached XP level 16. HP: 138/160 MP: 18/18
 26412 | D:15     | Found a staircase to the Depths.
 26594 | D:15     | Found a shadowy altar of Dithmenos.
 26678 | D:15     | Received a gift from Trog
 27648 | Orc:1    | Entered Level 1 of the Orcish Mines
 28475 | Orc:1    | Received a gift from Trog
 28590 | Orc:2    | Entered Level 2 of the Orcish Mines
 28687 | Orc:2    | Received a gift from Trog
 28707 | Orc:2    | Received a gift from Trog
 28711 | Orc:2    | Found Sura's Armour Shop.
 28711 | Orc:2    | Found Ucesat's Book Emporium.
 28793 | Orc:2    | Found Butagoge's Antique Weapon Emporium.
 28808 | Orc:2    | Found a staircase to the Elven Halls.
 28911 | Orc:2    | Noticed Snorg
 28919 | Orc:2    | Killed Snorg
 29078 | Orc:2    | Noticed Maud
 29089 | Orc:2    | Killed Maud
 29158 | Orc:2    | Found Riothut's Magic Scroll Shop.
 29184 | Orc:2    | Bought a scroll of enchant weapon for 112 gold pieces
 29184 | Orc:2    | Bought a scroll of blinking for 112 gold pieces
 29184 | Orc:2    | Bought a scroll of teleportation for 45 gold pieces
 29184 | Orc:2    | Bought a scroll of blinking for 112 gold pieces
 29195 | Orc:2    | Found Nyqiukk's Antique Armour Shop.
 29204 | Orc:2    | Bought a glowing shield for 126 gold pieces
 29444 | Orc:2    | Found a roughly hewn altar of Beogh.
 29479 | Orc:2    | Found Wocan's Assorted Antiques.
 29654 | Orc:2    | Found Gatoug's Distillery.
 29672 | Orc:2    | Bought a potion of haste for 170 gold pieces
 29672 | Orc:2    | Bought a potion of heal wounds for 85 gold pieces
 29672 | Orc:2    | Bought a potion of heal wounds for 85 gold pieces
 29672 | Orc:2    | Bought a potion of might for 68 gold pieces
 29676 | Orc:2    | Found Efyguv's Weapon Emporium.
 29684 | Orc:2    | Received a gift from Trog
 29886 | Swamp:1  | Entered Level 1 of the Swamp
 30301 | Lair:2   | Received a gift from Trog
 31014 | Swamp:2  | Noticed a thorn hunter
 31033 | Swamp:2  | Killed a thorn hunter
 32768 | Swamp:3  | Reached XP level 17. HP: 152/167 MP: 6/19
 33040 | Swamp:3  | Received a gift from Trog
 33055 | Swamp:4  | Entered Level 4 of the Swamp
 34575 | Swamp:4  | Received a gift from Trog
 34804 | Swamp:4  | Got a decaying rune of Zot
 35882 | Snake:1  | Entered Level 1 of the Snake Pit
 36093 | Snake:1  | Reached skill level 1 in Shields
 37051 | Snake:1  | Received a gift from Trog
 37319 | Snake:2  | Reached skill level 5 in Shields
 38195 | Snake:2  | Reached XP level 18. HP: 172/176 MP: 20/20
 38384 | Snake:3  | Found Suana's Gadget Boutique.
 38730 | Snake:3  | Received a gift from Trog
 39009 | Snake:3  | Noticed Aizul
 39022 | Snake:3  | Killed Aizul
 39798 | Snake:4  | Entered Level 4 of the Snake Pit
 39869 | Snake:4  | Found Pepod's Antique Armour Emporium.
 39877 | Snake:4  | Bought a polished plate armour for 812 gold pieces
 39877 | Snake:4  | Identified the +0 plate armour of Good Intentions {rN+} (You bought it in a shop on level 4 of the Snake Pit)
 40167 | Snake:4  | Reached skill level 10 in Shields
 40430 | Snake:4  | Received a gift from Trog
 41496 | Snake:4  | Received a gift from Trog
 41923 | Snake:4  | Reached XP level 19. HP: 183/183 MP: 21/21
 42037 | Snake:4  | Got a serpentine rune of Zot
 42561 | Slime:1  | Entered Level 1 of the Pits of Slime
 42633 | Slime:1  | Received a gift from Trog
 42965 | Slime:3  | Gained mutation: Armour fits poorly on your strangely shaped body. [a shining eye]
 43398 | Slime:2  | Lost mutation: You are robust (+10% HP). [a shining eye]
 43407 | Slime:2  | Gained mutation: Your magical capacity is low (-10% MP). [a shining eye]
 43945 | Slime:5  | Received a gift from Trog
 44327 | Slime:6  | Entered Level 6 of the Pits of Slime
 44960 | Slime:6  | Found a viscous altar of Jiyva.
 45184 | Slime:6  | Reached skill level 15 in Shields
 45197 | Slime:6  | Reached skill level 27 in Axes
 45677 | Slime:6  | Received a gift from Trog
 46061 | Slime:6  | Reached XP level 20. HP: 161/174 MP: 19/19
 46311 | Slime:6  | Noticed the Royal Jelly
 46333 | Slime:6  | Killed the Royal Jelly
 46333 | Slime:6  | Reached skill level 15 in Fighting
 46958 | Slime:6  | Got a polished scale mail
 46963 | Slime:6  | Got a scintillating bone ring
 47029 | Slime:6  | Got a slimy rune of Zot
 47057 | Slime:6  | Identified the Grimoire of Snow and Conjuration
 47088 | Slime:6  | Got a faintly humming hat
 47089 | Slime:6  | Identified the +6 scale mail "Xyopac" {Dex+2 SInv} (You found it on level 6 of the Pits of Slime)
 47091 | Slime:6  | Identified the +3 hat of Rotig {Str+4} (You acquired it on level 6 of the Pits of Slime)
 47092 | Slime:6  | Identified the ring "Intoamn" {rC+ Int+4 Slay+3} (You found it on level 6 of the Pits of Slime)
 47097 | Slime:6  | Identified a +6 rod of inaccuracy (9/9) (You found it on level 6 of the Pits of Slime)
 47587 | Lair:1   | Lost mutation: Your magical capacity is low (-10% MP). [potion of cure mutation]
 47587 | Lair:1   | Lost mutation: Armour fits poorly on your strangely shaped body. [potion of cure mutation]
 47719 | D:13     | Received a gift from Trog
 47886 | D:9      | Bought a pair of scorched boots for 199 gold pieces
 47887 | D:9      | Identified the +2 pair of boots of the Ditch-Digger {rElec rPois Int-2 Stlth+} (You bought it in a shop on level 9 of the Dungeon)
 47926 | D:8      | Bought a scroll of enchant armour for 90 gold pieces
 47926 | D:8      | Bought a scroll of enchant armour for 90 gold pieces
 48132 | Vaults:1 | Entered Level 1 of the Vaults
 48140 | Vaults:1 | Noticed Donald
 48147 | Vaults:1 | Killed Donald
 48176 | Vaults:1 | Found Uqol's Antique Weapon Emporium.
 48299 | Vaults:1 | Found Kuasior's Antique Weapon Shoppe.
 48334 | Vaults:1 | Found Jeanorhu's Weapon Shoppe.
 48473 | Vaults:1 | Found Duykh's Assorted Antiques.
 48481 | Vaults:1 | Bought a scroll of enchant armour for 277 gold pieces
 48481 | Vaults:1 | Bought a scroll of enchant weapon for 277 gold pieces
 48540 | Vaults:1 | Found Wyinyl Ugg's Antique Armour Boutique.
 49648 | Vaults:1 | Received a gift from Trog
 50299 | Vaults:2 | Found a staircase to the Crypt.
 50563 | Vaults:2 | Received a gift from Trog
 50610 | Vaults:2 | You fall through a shaft for 2 floors!
 50636 | Vaults:4 | Found Mikekiek's Antique Weapon Boutique.
 50822 | Vaults:4 | Reached XP level 21. HP: 159/197 MP: 23/23
 50980 | Vaults:4 | Found a shimmering altar of Xom.
 51099 | Vaults:4 | Received a gift from Trog
 51127 | Vaults:4 | Found Liech's Weapon Emporium.
 51365 | Vaults:4 | Found Pebaahu's Armour Boutique.
 51595 | Vaults:4 | Found Cuila's Food Shoppe.
 51956 | Vaults:4 | Found Yjemoysial's Antique Weapon Emporium.
 52119 | Vaults:3 | Received a gift from Trog
 52455 | Vaults:3 | Found Guposcho's Magic Scroll Boutique.
 53403 | Vaults:3 | Received a gift from Trog
 54250 | Vaults:2 | Found a portal to a secret trove of treasure.
 54254 | Vaults:2 | You paid a toll of 6 potions of agility to enter a treasure trove
 54255 | Trove    | Entered a treasure trove
 54262 | Trove    | Got an ichor-stained broad axe
 54271 | Trove    | Got a slimy battleaxe
 54273 | Trove    | Identified the +10 broad axe "Killer Bee's Regret" {antimagic, rF++ rC+ rN+ Int-3} (You found it in a treasure trove)
 54277 | Trove    | Identified the +2 battleaxe of the Present {chop, Int+6} (You found it in a treasure trove)
 54595 | Vaults:5 | Entered Level 5 of the Vaults
 54618 | Vaults:4 | Reached XP level 22. HP: 195/216 MP: 24/24
 54673 | Vaults:4 | Received a gift from Trog
 55086 | Vaults:5 | Noticed a golden dragon
 55240 | Vaults:5 | Killed a golden dragon
 55253 | Vaults:5 | Noticed a golden dragon
 55266 | Vaults:5 | Killed a golden dragon
 55708 | Vaults:5 | Received a gift from Trog
 56079 | Vaults:5 | Found Dorghyf's Magic Scroll Shop.
 56210 | Vaults:5 | Found Tatukk's Magic Scroll Shop.
 56249 | Vaults:5 | Noticed a golden dragon
 56249 | Vaults:5 | Found Qeuxo's Magic Scroll Boutique.
 56256 | Vaults:5 | Killed a golden dragon
 56331 | Vaults:5 | Bought a scroll of enchant weapon for 127 gold pieces
 56331 | Vaults:5 | Bought a scroll of enchant weapon for 127 gold pieces
 56460 | Vaults:5 | Noticed a golden dragon
 56473 | Vaults:5 | Killed a golden dragon
 56706 | Vaults:5 | Received a gift from Trog
 56777 | Vaults:5 | Reached XP level 23. HP: 233/233 MP: 25/25
 57636 | Vaults:5 | Got a silver rune of Zot
 57700 | Vaults:5 | Received a gift from Trog
 58423 | Elf:1    | Entered Level 1 of the Elven Halls
 59056 | Elf:1    | Got a wavering platinum amulet
 59057 | Elf:1    | Identified the amulet "Onont" {Gourm rN+ MP+9 Int-3 Slay+2} (You acquired it on level 1 of the Elven Halls)
 59655 | Elf:2    | Found a runed gate.
 59655 | Elf:2    | Found a runed gate.
 59656 | Elf:2    | Found a runed gate.
 59717 | Elf:2    | Received a gift from Trog
 59762 | Elf:2    | Identified the Compendium of the Arsonist
 59824 | Elf:2    | Received a gift from Trog
 60496 | Elf:3    | Entered Level 3 of the Elven Halls
 60604 | Elf:3    | Received a gift from Trog
 60793 | Elf:3    | Found Effaint's Assorted Antiques.
 60798 | Elf:3    | Bought a scroll of enchant armour for 195 gold pieces
 61032 | Elf:3    | Reached XP level 24. HP: 228/241 MP: 11/25
 61260 | Elf:3    | Received a gift from Trog
 61340 | Elf:3    | Got a flickering iron ring
 61492 | Elf:3    | Identified the ring of Erphaipty {Wiz rF+ SInv} (You found it on level 3 of the Elven Halls)
 62102 | Depths:1 | Entered Level 1 of the Depths
 62192 | Depths:1 | Received a gift from Trog
 62268 | Depths:1 | Found a gateway to a ziggurat.
 62332 | Depths:1 | Received a gift from Trog
 63012 | Vaults:3 | Bought a scroll of enchant armour for 112 gold pieces
 63012 | Vaults:3 | Bought a scroll of blinking for 112 gold pieces
 63529 | Depths:1 | Found a glowing golden altar of the Shining One.
 63632 | Depths:1 | Found a gateway to Hell.
 63824 | Depths:2 | Found a magical portal.
 63827 | WizLab   | Entered Iskenderun's Mystic Tower
 64466 | WizLab   | Received a gift from Trog
 64890 | WizLab   | Identified the Volume of the Snowflakes
 64900 | WizLab   | Identified Iskenderun's Grimoire of Attacks
 64900 | WizLab   | Identified Iskenderun's Volume of Conjuration
 64976 | Depths:2 | Noticed Norris
 64992 | Depths:2 | Killed Norris
 65168 | Depths:2 | Reached skill level 27 in Armour
 65683 | Depths:2 | Reached XP level 25. HP: 226/249 MP: 25/25
 65960 | Depths:2 | Received a gift from Trog
 66224 | Depths:3 | Received a gift from Trog
 66357 | Depths:3 | Got a pair of shimmering gloves
 66368 | Depths:3 | Identified the +2 pair of gloves of Fortitude {rElec} (You found it on level 3 of the Depths)
 66741 | Depths:3 | Found a one-way gate leading to the halls of Pandemonium.
 66822 | Depths:3 | Reached skill level 27 in Fighting
 66928 | Depths:3 | Reached skill level 1 in Unarmed Combat
 67321 | Depths:4 | Reached skill level 5 in Unarmed Combat
 67355 | Depths:4 | Found a one-way gate to the infinite horrors of the Abyss.
 67355 | Depths:4 | Noticed Louise
 67361 | Depths:4 | Killed Louise
 67383 | Depths:4 | Received a gift from Trog
 68143 | Depths:4 | Reached XP level 26. HP: 229/265 MP: 25/25
 68165 | Depths:4 | Received a gift from Trog
 68586 | Depths:5 | Entered Level 5 of the Depths
 68605 | Depths:5 | Reached skill level 10 in Unarmed Combat
 68658 | Depths:5 | Found Reibb's Assorted Antiques.
 68680 | Depths:5 | Found Bamoug's Food Emporium.
 68852 | Depths:5 | Reached skill level 15 in Dodging
 68907 | Depths:5 | Found a gate to the Realm of Zot.
 68936 | Depths:5 | Found a flickering gateway to a bazaar.
 68941 | Bazaar   | Entered a bazaar
 68943 | Bazaar   | Found Mumepsef's Armour Boutique.
 68947 | Bazaar   | Found Iqigen's Book Boutique.
 68947 | Bazaar   | Found Dafew's Jewellery Boutique.
 68947 | Bazaar   | Found Eryxamo's Distillery.
 68983 | Bazaar   | Bought a potion of haste for 120 gold pieces
 68983 | Bazaar   | Bought a potion of haste for 120 gold pieces
 68983 | Bazaar   | Bought a potion of haste for 120 gold pieces
 68983 | Bazaar   | Bought a potion of heal wounds for 60 gold pieces
 69103 | Depths:5 | Noticed Xtahua
 69122 | Depths:5 | Killed Xtahua
 69129 | Depths:5 | Received a gift from Trog
 69225 | Depths:5 | Bought a scroll of magic mapping for 94 gold pieces
 69225 | Depths:5 | Bought a scroll of blinking for 202 gold pieces
 69393 | Depths:5 | Got a warped bronze ring
 69821 | Lair:1   | Identified the ring "Fofifip" {rF+ Slay+4} (You took it off a vampire mage on level 5 of the Depths)
 70080 | Zot:1    | Entered Level 1 of the Realm of Zot
 70242 | Zot:1    | Received a gift from Trog
 70981 | Zot:1    | Got a fine granite ring
 70986 | Zot:1    | Identified the ring of Ykkeph {Fragile rC+ rN+++ Slay+5} (You found it on level 1 of the Realm of Zot)
 72932 | Zot:2    | Reached XP level 27. HP: 242/266 MP: 25/25
 73026 | Zot:2    | Noticed an orb of fire
 73034 | Zot:2    | Killed an orb of fire
 73343 | Zot:3    | Received a gift from Trog
 73782 | Zot:3    | Cast into level 5 of the Abyss (a Zot trap)
 73782 | Abyss:5  | Entered Level 5 of the Abyss
 73885 | Abyss:5  | Got an abyssal rune of Zot
 73901 | Abyss:5  | Found a corrupted altar of Lugonu.
 73977 | Abyss:5  | Found a sparkling altar of Nemelex Xobeh.
 74003 | Abyss:5  | Paralysed by accursed screaming for 1 turns
 74041 | Zot:3    | Escaped the Abyss
 74892 | Zot:4    | Received a gift from Trog
 75951 | Zot:5    | Entered Level 5 of the Realm of Zot
 76089 | Zot:5    | Noticed Dioneo's ghost (veteran DsAK)
 76124 | Zot:5    | Killed Dioneo's ghost
 77916 | Temple   | Fell from the grace of Trog
 77916 | Temple   | Became a worshipper of the Shining One
 78289 | Crypt:1  | Entered Level 1 of the Crypt
 78449 | Crypt:1  | Reached * piety under the Shining One
 78460 | Crypt:1  | Noticed Saint Roka
 78472 | Crypt:1  | Killed Saint Roka
 78500 | Crypt:1  | Noticed Boris
 78511 | Crypt:1  | Killed Boris
 78620 | Crypt:1  | Noticed Frederick
 78628 | Crypt:1  | Killed Frederick
 78691 | Crypt:1  | Reached ** piety under the Shining One
 79114 | Crypt:2  | Reached *** piety under the Shining One
 79142 | Crypt:2  | Found a blossoming altar of Fedhas.
 79445 | Crypt:2  | Reached **** piety under the Shining One
 79492 | Crypt:2  | Got a faintly humming chain mail
 79495 | Crypt:2  | Identified the +8 chain mail "Malatuenn" {Int+4 Dex+4} (You found it on level 2 of the Crypt)
 79999 | Crypt:3  | Entered Level 3 of the Crypt
 80004 | Crypt:3  | Reached ***** piety under the Shining One
 80179 | Crypt:3  | Identified the Compendium of Saltpetre
 80401 | Crypt:3  | Reached ****** piety under the Shining One
 80402 | Crypt:3  | Identified a +9 broad axe of holy wrath (a +9 broad axe of chopping blessed by the Shining One)
 80402 | Crypt:3  | Received a gift from the Shining One
 80519 | Crypt:3  | Got an ichor-stained plate armour
 80520 | Crypt:3  | Identified the +8 plate armour of Soates {+Blink Str+8 Int-4} (You found it on level 3 of the Crypt)
 80692 | Crypt:3  | Got a crude tin ring
 80692 | Crypt:3  | Got an ancient lead ring
 80692 | Crypt:3  | Got a warped lapis lazuli ring
 80693 | Crypt:3  | Identified the ring "Igigreim" {rF+ rN+ Str+4} (You found it on level 3 of the Crypt)
 80694 | Crypt:3  | Identified the ring of Mazeleze {rPois rF++ rN+ MR- MP+9} (You found it on level 3 of the Crypt)
 80695 | Crypt:3  | Identified the ring of Osobul {rN+ Str+2} (You found it on level 3 of the Crypt)
 80889 | Crypt:3  | Found a staircase to the Tomb.
 81261 | Tomb:1   | Entered Level 1 of the Tomb of the Ancients
 81387 | Tomb:1   | Noticed a greater mummy
 81393 | Tomb:1   | Killed a greater mummy
 81680 | Tomb:1   | Noticed a greater mummy
 81689 | Tomb:1   | Killed a greater mummy
 81980 | Tomb:1   | Noticed a greater mummy
 82018 | Tomb:1   | Killed a greater mummy
 82074 | Tomb:1   | Noticed a greater mummy
 82085 | Tomb:1   | Killed a greater mummy
 82772 | Tomb:1   | Noticed Jorgrun
 82782 | Tomb:1   | Killed Jorgrun
 83096 | Tomb:2   | Noticed a greater mummy
 83096 | Tomb:2   | Noticed a greater mummy
 83097 | Tomb:2   | Noticed a greater mummy
 83099 | Tomb:2   | Noticed a greater mummy
 83581 | Tomb:1   | Killed a greater mummy
 83605 | Tomb:1   | Killed a greater mummy
 83918 | Tomb:1   | Killed a greater mummy
 83921 | Tomb:1   | Killed a greater mummy
 84542 | Tomb:2   | Got a crude chain mail
 84543 | Tomb:2   | Identified the +8 chain mail of Biroq {rCorr} (You found it on level 2 of the Tomb of the Ancients)
 85046 | Tomb:1   | Noticed a greater mummy
 85049 | Tomb:1   | Noticed a greater mummy
 85050 | Tomb:1   | Noticed a greater mummy
 85051 | Tomb:1   | Noticed a greater mummy
 85051 | Tomb:1   | Noticed a greater mummy
 85260 | Tomb:1   | Noticed a greater mummy
 85274 | Tomb:2   | Killed a greater mummy
 85443 | Tomb:2   | Killed a greater mummy
 85545 | Tomb:2   | Killed a greater mummy
 85573 | Tomb:2   | Killed a greater mummy
 85909 | Tomb:1   | Noticed a greater mummy
 85922 | Tomb:2   | Killed a greater mummy
 86084 | Tomb:2   | Killed a greater mummy
 86084 | Tomb:2   | Reached skill level 27 in Dodging
 86084 | Tomb:2   | Reached skill level 1 in Invocations
 86099 | Tomb:2   | Killed a greater mummy
 86189 | Tomb:1   | Noticed a greater mummy
 86465 | Tomb:1   | Killed a greater mummy
 86529 | Tomb:1   | Noticed a greater mummy
 86537 | Tomb:1   | Killed a greater mummy
 86537 | Tomb:1   | Reached skill level 5 in Invocations
 86553 | Tomb:1   | Noticed a greater mummy
 86556 | Tomb:1   | Noticed a greater mummy
 86561 | Tomb:1   | Killed a greater mummy
 86565 | Tomb:1   | Noticed a greater mummy
 86567 | Tomb:1   | Killed a greater mummy
 86568 | Tomb:1   | Noticed a greater mummy
 86570 | Tomb:1   | Noticed a greater mummy
 86973 | Tomb:1   | Killed a greater mummy
 87085 | Tomb:1   | Killed a greater mummy
 87767 | Lair:1   | Learned a level 2 spell: Blink
 87769 | Lair:1   | Learned a level 1 spell: Apportation
 87773 | Lair:1   | Learned a level 2 spell: Swiftness
 87780 | Lair:1   | Learned a level 6 spell: Invisibility
 87788 | Lair:1   | Learned a level 7 spell: Monstrous Menagerie
 87980 | Hell     | Entered the Vestibule of Hell
 87980 | Hell     | Noticed Geryon
 88064 | Hell     | Reached skill level 1 in Translocations
 88065 | Hell     | Killed Geryon
 88318 | Hell     | Found a gateway to the Iron City of Dis.
 88399 | Hell     | Found a gateway to the freezing wastes of Cocytus.
 88465 | Hell     | Reached skill level 10 in Invocations
 88487 | Hell     | Found a gateway to the decaying netherworld of Tartarus.
 88579 | Hell     | Found a gateway to the ashen valley of Gehenna.
 88679 | Geh:1    | Entered Level 1 of Gehenna
 88891 | Geh:2    | Reached skill level 5 in Translocations
 89767 | Geh:7    | Entered Level 7 of Gehenna
 90141 | Geh:7    | Got a coiled jade ring
 90225 | Geh:7    | Noticed Asmodeus
 90242 | Geh:7    | Killed Asmodeus
 90249 | Geh:7    | Got an obsidian rune of Zot
 90307 | Geh:7    | Learned a level 5 spell: Silence
 90340 | Geh:7    | Cast into level 3 of the Abyss (reaper)
 90582 | Geh:7    | Escaped the Abyss
 90852 | Pan      | Entered Pandemonium
 90853 | Pan      | Found an exit through the horrors of the Abyss.
 90969 | Pan      | Identified the ring of the Evil One {Wiz rC+ Int+4} (You found it on level 7 of Gehenna)
 91271 | Pan      | Reached skill level 10 in Translocations
 91521 | Pan      | Reached skill level 15 in Invocations
 91765 | Pan      | Gained mutation: Scrolls take you a little longer to read. [a neqoxec]
 92132 | Pan      | Noticed Hontyw the pandemonium lord
 92153 | Pan      | Killed Hontyw the pandemonium lord
 92661 | Pan      | Found an exit through the horrors of the Abyss.
 92778 | Pan      | Reached skill level 1 in Spellcasting
 92934 | Pan      | Noticed Akampebb the pandemonium lord
 92942 | Pan      | Killed Akampebb the pandemonium lord
 92995 | Pan      | Reached skill level 5 in Spellcasting
 93216 | Pan      | Found an exit through the horrors of the Abyss.
 93314 | Pan      | Learned a level 6 spell: Haste
 93321 | Pan      | Learned a level 6 spell: Deflect Missiles
 93934 | Pan      | Found an exit through the horrors of the Abyss.
 94647 | Pan      | Was forgiven by Trog
 94864 | Pan      | Found an exit through the horrors of the Abyss.
 94954 | Pan      | Gained mutation: You are partially covered in rough black scales (AC +4, Dex -1). [a cacodemon]
 95049 | Pan      | Gained mutation: You are frail (-10% HP). [a neqoxec]
 95099 | Pan      | Found a runed door.
 95111 | Pan      | Found a runed door.
 95123 | Pan      | Found a runed door.
 95340 | Pan      | Reached skill level 1 in Hexes
 95532 | Pan      | Found a runed door.
 95636 | Pan      | Gained mutation: You expend magic power (3 MP) to strengthen your wands. [a neqoxec]
 95749 | Pan      | Identified a +9 rod of inaccuracy (9/9) (You found it in Pandemonium)
 95759 | Pan      | Noticed Ytso the pandemonium lord
 95783 | Pan      | Killed Ytso the pandemonium lord
 95786 | Pan      | Got a demonic rune of Zot
 95886 | Pan      | Reached skill level 5 in Hexes
 96152 | Pan      | Found a glowing silver altar of Zin.
 96191 | Pan      | Got a pitted large shield
 96194 | Pan      | Identified the +4 large shield of Protective Custody {*Corrode rF+++ Regen+ Str+3} (You took it off a daeva in Pandemonium)
 97805 | Pan      | Found a white marble altar of Elyvilon.
 97863 | Pan      | Reached skill level 10 in Hexes
 97912 | Pan      | Got a smoking plate armour
 97915 | Pan      | Identified the +8 plate armour of Freedom {rPois Str+5} (You acquired it in Pandemonium)
 98147 | Pan      | Noticed a seraph
 98162 | Pan      | Killed a seraph
 98170 | Pan      | Found a glowing golden altar of the Shining One.
 98466 | Pan      | Gained mutation: Your spells are a little easier to cast, but a little less powerful. [a cacodemon]
 98798 | Pan      | Found an exit through the horrors of the Abyss.
 98917 | Pan      | Noticed Dautt the pandemonium lord
 98928 | Pan      | Killed Dautt the pandemonium lord
 99203 | Pan      | Noticed Nuow Xis the pandemonium lord
 99219 | Pan      | Killed Nuow Xis the pandemonium lord
 99304 | Pan      | Noticed Mennas
 99330 | Pan      | Killed Mennas
 99432 | Pan      | Found an exit through the horrors of the Abyss.
100422 | Pan      | Noticed Gobosk the pandemonium lord
100452 | Pan      | Killed Gobosk the pandemonium lord
100544 | Pan      | Got a pair of ancient boots
100547 | Pan      | Identified the +1 pair of boots of Ijumeirch {rElec Int+2} (You acquired it in Pandemonium)
100730 | Pan      | Found an exit through the horrors of the Abyss.
100848 | Pan      | Learned a level 5 spell: Summon Mana Viper
100872 | Pan      | Found an exit through the horrors of the Abyss.
100949 | Pan      | Reached skill level 15 in Hexes
101034 | Pan      | Noticed Vylucor the pandemonium lord
101049 | Pan      | Killed Vylucor the pandemonium lord
101373 | Pan      | Found an exit through the horrors of the Abyss.
101780 | Pan      | Noticed Doujotit the pandemonium lord
101794 | Pan      | Cast into level 5 of the Abyss (Doujotit)
101794 | Abyss:5  | Entered Level 5 of the Abyss
101803 | Pan      | Escaped the Abyss
101804 | Pan      | Killed Doujotit the pandemonium lord
102237 | Pan      | Gained mutation: Your flesh is heat resistant. [a neqoxec]
102279 | Pan      | Found an exit through the horrors of the Abyss.
102349 | Pan      | Noticed Nehuymul the pandemonium lord
102359 | Pan      | Killed Nehuymul the pandemonium lord
103067 | Pan      | Found an exit through the horrors of the Abyss.
103109 | Pan      | Got a shimmering steel amulet
103252 | Pan      | Noticed Muavoetz the pandemonium lord
103266 | Pan      | Killed Muavoetz the pandemonium lord
103620 | Pan      | Took an exit into the Abyss.
103620 | Abyss:1  | Escaped into the Abyss
103688 | Depths:3 | Escaped the Abyss
103694 | Pan      | Entered Pandemonium
103694 | Pan      | Found a runed door.
103694 | Pan      | Found a runed door.
103696 | Pan      | Noticed Kahil the pandemonium lord
103707 | Pan      | Killed Kahil the pandemonium lord
103715 | Pan      | Found a runed door.
103717 | Pan      | Found a runed door.
103755 | Pan      | Found an exit through the horrors of the Abyss.
104818 | Pan      | Identified the amulet "Pucs" {Dismiss rF+ Stlth+} (You found it in Pandemonium)
104840 | Pan      | Got a jewelled large shield
104843 | Pan      | Identified the +0 large shield "Nierim" {Str+2} (You acquired it in Pandemonium)
105066 | Pan      | Found an exit through the horrors of the Abyss.
105527 | Pan      | Noticed Rethruxt the pandemonium lord
105530 | Pan      | Killed Rethruxt the pandemonium lord
105910 | Pan      | Entered the realm of Lom Lobon.
106167 | Pan      | Found an exit through the horrors of the Abyss.
106766 | Pan      | Noticed Lom Lobon
106785 | Pan      | Killed Lom Lobon
106998 | Pan      | Got a magical rune of Zot
107490 | Pan      | Got a steaming hat
107493 | Pan      | Identified the +0 hat "Utibot Menlo" {-Cast *Drain rPois MR+++} (You acquired it in Pandemonium)
107549 | Pan      | Found an exit through the horrors of the Abyss.
107607 | Pan      | Noticed Ippaaddo the pandemonium lord
107612 | Pan      | Killed Ippaaddo the pandemonium lord
108245 | Pan      | Found an exit through the horrors of the Abyss.
108569 | Pan      | Noticed Woskif the pandemonium lord
108596 | Pan      | Killed Woskif the pandemonium lord
108871 | Pan      | Noticed Viyliene the pandemonium lord
108884 | Pan      | Killed Viyliene the pandemonium lord
109096 | Pan      | Found an exit through the horrors of the Abyss.
109815 | Pan      | Found an exit through the horrors of the Abyss.
109832 | Pan      | Gained mutation: You are dopey. (Int -2) [a neqoxec]
111166 | Pan      | Gained mutation: You are clumsy. (Dex -2) [a neqoxec]
111177 | Pan      | Gained mutation: Potions and wands are less effective at restoring your health. [a neqoxec]
111280 | Depths:3 | Escaped Pandemonium
112203 | Tomb:1   | Noticed a greater mummy
112210 | Tomb:1   | Killed a greater mummy
112210 | Tomb:1   | Reached skill level 10 in Spellcasting
112240 | Tomb:1   | Noticed a greater mummy
112250 | Tomb:1   | Killed a greater mummy
112263 | Tomb:1   | Killed a greater mummy
112263 | Tomb:1   | Lost intelligence.
112267 | Tomb:1   | Noticed a greater mummy
112281 | Tomb:1   | Killed a greater mummy
112418 | Tomb:1   | Lost mutation: You are frail (-10% HP). [potion of cure mutation]
112418 | Tomb:1   | Lost mutation: Your spells are a little easier to cast, but a little less powerful. [potion of cure mutation]
112418 | Tomb:1   | Lost mutation: Scrolls take you a little longer to read. [potion of cure mutation]
112418 | Tomb:1   | Lost mutation: You expend magic power (3 MP) to strengthen your wands. [potion of cure mutation]
112418 | Tomb:1   | Lost mutation: Your flesh is heat resistant. [potion of cure mutation]
112419 | Tomb:1   | Lost mutation: Potions and wands are less effective at restoring your health. [potion of cure mutation]
112419 | Tomb:1   | Lost mutation: You are dopey. (Int -2) [potion of cure mutation]
112419 | Tomb:1   | Lost mutation: You are clumsy. (Dex -2) [potion of cure mutation]
112419 | Tomb:1   | Lost mutation: You are partially covered in rough black scales (AC +4, Dex -1). [potion of cure mutation]
112745 | Tomb:3   | Entered Level 3 of the Tomb of the Ancients
112851 | Tomb:3   | Noticed an ancient lich
112852 | Tomb:3   | Noticed a greater mummy
112869 | Tomb:3   | Noticed a greater mummy
113091 | Tomb:3   | Noticed a greater mummy
113093 | Tomb:3   | Noticed a greater mummy
113236 | Tomb:3   | Noticed a greater mummy
113237 | Tomb:3   | Noticed an ancient lich
113237 | Tomb:3   | Noticed a greater mummy
113274 | Tomb:3   | Noticed a greater mummy
113286 | Tomb:2   | Killed an ancient lich
113289 | Tomb:2   | Killed a greater mummy
113393 | Tomb:2   | Killed a greater mummy
113600 | Tomb:2   | Killed an ancient lich
113603 | Tomb:2   | Killed a greater mummy
113604 | Tomb:2   | Killed a greater mummy
113758 | Tomb:2   | Killed a greater mummy
113819 | Tomb:2   | Killed a greater mummy
113928 | Tomb:3   | Killed a greater mummy
114017 | Tomb:3   | Got a golden rune of Zot
114072 | Tomb:3   | Got a pair of spiked boots
114073 | Tomb:3   | Identified the +2 pair of boots of Fashionability {Stlth+} (You acquired it on level 3 of the Tomb of the Ancients)
114118 | Tomb:3   | Identified a +8 rod of inaccuracy (13/13) (You found it on level 3 of the Tomb of the Ancients)
114140 | Tomb:3   | Identified Kent's Reference Book on Damaging Lightness
114144 | Tomb:3   | Learned a level 2 spell: Repel Missiles
115373 | Pan      | Entered Pandemonium
115373 | Pan      | Found an exit through the horrors of the Abyss.
115638 | Pan      | Noticed Gouf the pandemonium lord
115654 | Pan      | Killed Gouf the pandemonium lord
116101 | Pan      | Found an exit through the horrors of the Abyss.
116173 | Pan      | Reached skill level 1 in Air Magic
116236 | Pan      | Noticed Efasm the pandemonium lord
116246 | Pan      | Killed Efasm the pandemonium lord
116443 | Pan      | Got a wavering pewter ring
116757 | Pan      | Found an exit through the horrors of the Abyss.
116854 | Pan      | Noticed Baoxiq the pandemonium lord
116867 | Pan      | Killed Baoxiq the pandemonium lord
116867 | Pan      | Reached skill level 5 in Air Magic
117396 | Pan      | Found an exit through the horrors of the Abyss.
117405 | Pan      | Learned a level 1 spell: Summon Butterflies
117491 | Pan      | Found a huge runed gate.
117524 | Pan      | Found a huge runed gate.
117524 | Pan      | Found a huge runed gate.
117524 | Pan      | Found a huge runed gate.
117524 | Pan      | Found a huge runed gate.
117524 | Pan      | Found a huge runed gate.
117524 | Pan      | Found a huge runed gate.
118260 | Pan      | Noticed Vashiure the pandemonium lord
118278 | Pan      | Killed Vashiure the pandemonium lord
118387 | Pan      | Identified the ring of Ozxaoh {rF++ MP+9 Dex+3} (You found it in Pandemonium)
118634 | Pan      | Reached skill level 10 in Air Magic
118720 | Pan      | Noticed Ysocafa the pandemonium lord
118728 | Pan      | Killed Ysocafa the pandemonium lord
118746 | Pan      | Identified Noalew's Almanac of the Captivating Glacier
118893 | Pan      | Found an exit through the horrors of the Abyss.
119210 | Pan      | Noticed Vadghepikh the pandemonium lord
119220 | Pan      | Killed Vadghepikh the pandemonium lord
119289 | Pan      | Found an exit through the horrors of the Abyss.
119699 | Pan      | Gained mutation: You expend magic power (3 MP) to strengthen your wands. [a neqoxec]
120272 | Pan      | Entered the realm of Cerebov.
120623 | Pan      | Noticed Cerebov
120705 | Pan      | Killed Cerebov
120800 | Pan      | Got a fiery rune of Zot
121156 | Pan      | Found an exit through the horrors of the Abyss.
121256 | Pan      | Identified the Disquisition on the Blaze and the Snowflakes
121268 | Pan      | Identified Sif Muna's Disquisition on the Enthralling Compass
121290 | Pan      | Got a brightly glowing plate armour
121291 | Pan      | Identified the +6 plate armour "Foadoefe" {MR+ Dex+7} (You took it off a red devil in Pandemonium)
121398 | Pan      | Entered the realm of Mnoleg.
121398 | Pan      | Found an exit through the horrors of the Abyss.
121466 | Pan      | Lost intelligence.
121492 | Pan      | Noticed Mnoleg
121513 | Pan      | Killed Mnoleg
121587 | Pan      | Got a glowing rune of Zot
121694 | Pan      | Gained mutation: Armour fits poorly on your strangely shaped body. [a neqoxec]
121700 | Pan      | Gained mutation: You have sharp toenails. [a cacodemon]
121759 | Pan      | Gained mutation: Your magical capacity is low (-10% MP). [a cacodemon]
121782 | Pan      | Reached skill level 15 in Air Magic
121847 | Pan      | Reached skill level 1 in Charms
122433 | Pan      | Found an exit through the horrors of the Abyss.
122507 | Pan      | Noticed Sifo the pandemonium lord
122530 | Pan      | Killed Sifo the pandemonium lord
122530 | Pan      | Reached skill level 5 in Charms
122865 | Pan      | Found an exit through the horrors of the Abyss.
122881 | Pan      | Noticed Nasecu the pandemonium lord
122901 | Pan      | Killed Nasecu the pandemonium lord
123930 | Pan      | Noticed Wuwieh the pandemonium lord
123942 | Pan      | Killed Wuwieh the pandemonium lord
124020 | Pan      | Got a pitted brass ring
124024 | Pan      | Identified the ring of Ikeipiaf {rElec rF+ rC- rN+ Stlth+} (You acquired it in Pandemonium)
124068 | Pan      | Found an exit through the horrors of the Abyss.
124500 | Pan      | Noticed Yseu the pandemonium lord
124508 | Pan      | Killed Yseu the pandemonium lord
124673 | Pan      | Noticed Ignacio
124680 | Pan      | Killed Ignacio
124699 | Pan      | Found an exit through the horrors of the Abyss.
125270 | Pan      | Noticed Onoukhli the pandemonium lord
125461 | Pan      | Killed Onoukhli the pandemonium lord
125489 | Pan      | Identified the Tome of the Compass and Black Rituals
125719 | Pan      | Found an exit through the horrors of the Abyss.
125967 | Pan      | Entered the realm of Gloorx Vloq.
126139 | Pan      | Noticed Gloorx Vloq
126166 | Pan      | Killed Gloorx Vloq
126225 | Pan      | Found an exit through the horrors of the Abyss.
126483 | Pan      | Got a dark rune of Zot
126586 | Pan      | Took an exit into the Abyss.
126586 | Abyss:1  | Escaped into the Abyss
126672 | Abyss:1  | Found a corrupted altar of Lugonu.
126759 | Depths:3 | Escaped the Abyss
127042 | Lair:1   | Lost mutation: You have sharp toenails. [potion of cure mutation]
127042 | Lair:1   | Lost mutation: Armour fits poorly on your strangely shaped body. [potion of cure mutation]
127042 | Lair:1   | Lost mutation: Your magical capacity is low (-10% MP). [potion of cure mutation]
127255 | Dis:1    | Entered Level 1 of the Iron City of Dis
127895 | Dis:7    | Entered Level 7 of the Iron City of Dis
128863 | Dis:7    | Got a pair of heavily runed boots
128864 | Dis:7    | Identified the -5 pair of boots "Qaruf" {rPois rCorr Stlth-} (You found it on level 7 of the Iron City of Dis)
128961 | Dis:7    | Identified the Almanac of Igneous Glamour
129201 | Dis:7    | Noticed Dispater
129222 | Dis:7    | Killed Dispater
129249 | Dis:7    | Reached skill level 27 in Shields
129282 | Dis:7    | Got an iron rune of Zot
129312 | Dis:7    | Reached skill level 5 in Evocations
129571 | Tar:1    | Entered Level 1 of Tartarus
130034 | Tar:2    | Reached skill level 10 in Evocations
131085 | Tar:7    | Entered Level 7 of Tartarus
131129 | Tar:7    | Reached skill level 10 in Charms
131138 | Tar:7    | Got a vibrating copper ring
131139 | Tar:7    | Identified the ring of Zozunesk {Int-3 Dex+5 Stlth-} (You found it on level 7 of Tartarus)
131334 | Tar:7    | Identified Sif Muna's Compendium of Supportive Weightlessness
131420 | Tar:7    | Noticed Ereshkigal
131461 | Tar:7    | Killed Ereshkigal
131503 | Tar:7    | Got a warped brass ring
131506 | Tar:7    | Identified the ring of Xaomo {rElec rPois Str+8 Dex-3 SInv} (You found it on level 7 of Tartarus)
131551 | Tar:7    | Noticed the Serpent of Hell
131581 | Tar:7    | Killed the Serpent of Hell
131637 | Tar:7    | Got a bone rune of Zot
131868 | Coc:1    | Entered Level 1 of Cocytus
132401 | Coc:7    | Entered Level 7 of Cocytus
132808 | Coc:7    | Noticed Antaeus
132837 | Coc:7    | Killed Antaeus
132837 | Coc:7    | Reached skill level 15 in Charms
132874 | Coc:7    | Got an icy rune of Zot
132965 | Coc:7    | Identified the Incunabulum of the Oath and the Birds
133368 | Zot:5    | Noticed an orb of fire
133368 | Zot:5    | Noticed an orb of fire
133369 | Zot:5    | Noticed an orb of fire
133382 | Zot:5    | Killed an orb of fire
133387 | Zot:5    | Killed an orb of fire
133391 | Zot:5    | Noticed an orb of fire
133391 | Zot:5    | Killed an orb of fire
133395 | Zot:5    | Noticed an ancient lich
133413 | Zot:5    | Noticed an ancient lich
133414 | Zot:5    | Killed an ancient lich
133416 | Zot:5    | Killed an orb of fire
133419 | Zot:5    | Noticed an orb of fire
133423 | Zot:5    | Noticed an ancient lich
133431 | Zot:5    | Killed an ancient lich
133439 | Zot:5    | Killed an ancient lich
133441 | Zot:5    | Killed an orb of fire
133585 | Zot:5    | Noticed an ancient lich
133586 | Zot:5    | Noticed an ancient lich
133589 | Zot:5    | Noticed an orb of fire
133590 | Zot:5    | Noticed an orb of fire
133597 | Zot:5    | Killed an ancient lich
133599 | Zot:5    | Killed an ancient lich
133607 | Zot:5    | Killed an orb of fire
133611 | Zot:5    | Noticed an ancient lich
133615 | Zot:5    | Killed an orb of fire
133657 | Zot:5    | Killed an ancient lich
133693 | Zot:5    | Got the Orb of Zot
133841 | Zot:3    | Noticed Widi Zisk the pandemonium lord
133861 | Zot:3    | Killed Widi Zisk the pandemonium lord
133887 | Zot:3    | Noticed Sinki the pandemonium lord
133902 | Zot:3    | Killed Sinki the pandemonium lord
134556 | D:$      | Escaped with the Orb!

Skill      XL: |  1  2  3  4  5  6  7  8  9 10 11 12 13 14 15 16 17 18 19 20 21 22 23 24 25 26 27 |
---------------+----------------------------------------------------------------------------------+-----
Axes           | 4 5 6 7 8 10 12 14 15 17 19 20 22 23 24 26 27 | 27.0
Armour         | 3 4 5 6 7 10 11 12 15 17 19 20 24 27 | 27.0
Fighting       | 5 7 9 12 14 19 22 25 27 | 27.0
Dodging        | 4 6 10 11 13 17 27 | 27.0
Throwing       | 1 |  1.1
Evocations     | 4 12 | 12.0
Shields        | 6 12 16 27 | 27.0
Unarmed Combat | 8 14 | 14.0
Invocations    | 15 | 15.0
Translocations | 13 | 13.0
Spellcasting   | 14 | 14.0
Hexes          | 21 | 21.0
Air Magic      | 15 | 15.0
Charms         | 18 | 18.7

Action                   |  1- 3 |  4- 6 |  7- 9 | 10-12 | 13-15 | 16-18 | 19-21 | 22-24 | 25-27 || total
-------------------------+-------+-------+-------+-------+-------+-------+-------+-------+-------++-------
Melee: Hand axe          |    73 |   101 |   297 |   514 |   224 |       |       |       |       ||  1209
       Headbutt          |     7 |    19 |    49 |   154 |   336 |   480 |   396 |   369 |  2831 ||  4641
       Scimitar          |       |       |       |    84 |    43 |    98 |       |       |       ||   225
       War axe           |       |       |       |       |   741 |    56 |       |       |       ||   797
       Battleaxe         |       |       |       |       |   257 |     4 |       |       |       ||   261
       Broad axe         |       |       |       |       |       |  1456 |  1181 |  1181 |  9302 || 13120
 Cast: Repel Missiles    |       |       |       |       |       |       |       |       |     5 ||     5
       Blink             |       |       |       |       |       |       |       |       |     1 ||     1
       Swiftness         |       |       |       |       |       |       |       |       |     1 ||     1
Invok: Burn Spellbooks   |     1 |       |     1 |     4 |     4 |     2 |     3 |     8 |     1 ||    24
       Berserk           |       |     5 |     5 |     5 |    11 |    12 |     8 |     5 |     7 ||    58
       Trog's Hand       |       |       |     1 |       |       |     1 |     1 |     3 |    38 ||    44
       Brothers in Arms  |       |       |       |     2 |       |       |       |       |    11 ||    13
       Divine Shield     |       |       |       |       |       |       |       |       |    11 ||    11
       Summon Divine War |       |       |       |       |       |       |       |       |     3 ||     3
       Brand Weapon With |       |       |       |       |       |       |       |       |     1 ||     1
Evoke: Wand              |       |       |       |       |       |       |     2 |     3 |    55 ||    60
  Use: Potion            |       |     1 |       |       |     2 |       |     5 |     1 |    83 ||    92
       Scroll            |       |       |    20 |    13 |    11 |    13 |    18 |    24 |   121 ||   220
 Stab: Paralysed         |       |       |       |       |       |     2 |       |       |     1 ||     3
       Distracted        |       |       |       |       |       |     1 |     2 |     2 |     2 ||     7
       Confused          |       |       |       |       |       |       |       |       |     2 ||     2
  Eat: Chunk             |     2 |     6 |    17 |    28 |    23 |    48 |    26 |    44 |    37 ||   231
       Fruit             |       |     3 |       |     1 |    27 |     5 |    10 |       |    40 ||    86
       Beef jerky        |       |       |       |     1 |       |     2 |       |     3 |     8 ||    14
       Pizza             |       |       |       |       |     2 |     2 |       |     3 |    10 ||    17
       Royal jelly       |       |       |       |       |     1 |       |       |       |     5 ||     6
       Meat ration       |       |       |       |       |       |     1 |     3 |       |    29 ||    33
Armor: Animal skin       |    20 |    29 |       |       |       |       |       |       |       ||    49
       Chain mail        |       |     6 |    48 |       |       |       |       |       |       ||    54
       Plate armour      |       |       |    79 |   331 |   615 |   865 |   275 |   142 |       ||  2307
       Ring mail         |       |       |       |     3 |       |       |       |       |       ||     3
       Gold dragon armou |       |       |       |       |       |       |       |   229 |  2323 ||  2552
       Skin              |       |       |       |       |       |       |       |       |   103 ||   103
Dodge: Dodged            |    49 |    55 |    92 |   217 |   643 |   651 |   272 |   287 |  3205 ||  5471
       Deflected         |       |       |       |       |       |       |       |       |    18 ||    18
Block: Shield            |       |       |       |       |       |   974 |   658 |   815 |  5588 ||  8035
       Reflection        |       |       |       |       |       |       |       |   104 |   184 ||   288
       Large shield      |       |       |       |       |       |       |       |       |  1579 ||  1579
